 Dungeon Crawl Stone Soup version 0.28-a0-1624-g820543e53a (webtiles) character file.

Game seed: 3040824555264974890

1718 Shayle the Martial Artist (level 8, -2/56 HPs)
             Began as a Demonspawn Warper on Jan 24, 2022.
             Was an Initiate of Yredelemnul.
             Slain by an orc warrior (8 damage)
             ... on level 5 of the Dungeon.
             The game lasted 00:17:36 (8564 turns).

Shayle the Martial Artist (Demonspawn Warper)       Turns: 8564, Time: 00:17:37

Health: -2/56      AC: 15    Str: 12    XL:     8   Next: 75%
Magic:  12/12      EV: 15    Int: 15    God:    Yredelemnul [......]
Gold:   499        SH:  0    Dex: 10    Spells: 11/11 levels left

rFire   + + +      SeeInvis +   b - +7 trident "Beetlebane" {vorpal, rF+++ Dex-4 SInv Stlth+}
rCold   . . .      Faith    .   (no shield)
rNeg    . . .      Spirit   .   a - +0 leather armour
rPois   .          Reflect  .   t - +0 helmet
rElec   .          Harm     .   (no cloak)
rCorr   .          Rampage  .   h - +1 pair of gloves
Will    .....                   (no boots)
Stlth   ++........              (no amulet)
HPRegen 0.18/turn               n - +4 ring of evasion
MPRegen 0.13/turn               (no ring)

@: sanguine armoured
A: claws 2, powered by pain 1, sanguine armour 2, demonic magic 1
a: Renounce Religion, Recall Undead Harvest


You were on level 5 of the Dungeon.
You worshipped Yredelemnul.
Yredelemnul was noncommittal.
You visited 2 branches of the dungeon, and saw 7 of its levels.

You collected 499 gold pieces.

Inventory:

Hand Weapons
 b - the +7 trident "Beetlebane" (weapon) {vorpal, rF+++ Dex-4 SInv Stlth+}
   (You found it on level 6 of the Dungeon)

   It inflicts extra damage upon your enemies.
   Dex:       It affects your dexterity (-4).
   rF:        It renders you almost immune to fire.
   SInv:      It lets you see invisible.
   Stlth:     It makes you more stealthy.
Missiles
 c - a boomerang of dispersal
 g - 6 atropa-tipped darts
 i - 21 poisoned darts (quivered)
 q - 5 boomerangs
Armour
 a - a +0 leather armour (worn)
 d - a +0 ring mail
 h - a +1 pair of gloves (worn)
 t - a +0 helmet (worn)
Jewellery
 m - a ring of fire
 n - a +4 ring of evasion (left hand)
 o - an amulet of guardian spirit
Scrolls
 e - a scroll of identify
 l - a scroll of teleportation
 r - a scroll of summoning
Potions
 f - a potion of ambrosia
 k - a potion of brilliance


   Skills:
 - Level 2.2 Fighting
 - Level 0.8 Throwing
 - Level 0.8 Armour
 - Level 1.7 Dodging
 - Level 0.9 Stealth
 * Level 9.3 Unarmed Combat
 - Level 2.0 Spellcasting
 - Level 2.6 Translocations
 + Level 6.2 Invocations


You had 11 spell levels left.
You didn't know any spells.
Your spell library contained the following spells:

 Spells                   Type           Power      Damage    Failure   Level
 Blink                    Tloc           18%        N/A       14%         2
 Gell's Gravitas          Tloc           9%         N/A       28%         3
 Lesser Beckoning         Tloc           9%         N/A       28%         3
 Teleport Other           Tloc           9%         N/A       28%         3
 Dazzling Flash           Conj/Hex       2%         N/A       63%         3
 Iskenderun's Mystic Bla  Conj/Tloc      5%         2d3       85%         4
 Manifold Assault         Tloc           9%         N/A       95%         5
 Starburst                Conj/Fire      0%         6d3       100%        6


Dungeon Overview and Level Annotations

Branches:
Dungeon (6/15)             Temple (1/1) D:4

Altars:
Ashenzari
Cheibriados
Dithmenos
Hepliaklqana
Makhleb
Nemelex Xobeh
Qazlal
Ru
Sif Muna
Trog
Uskayaw
Vehumet
Wu Jian
Yredelemnul
Zin
The Shining One
Beogh

Shops:
D:6 (

Annotations:
D:4 3 runed translucent doors, Shayle's ghost, amateur DjWr
D:5 Dowan; Duvessa


Innate Abilities, Weirdness & Mutations

You have very sharp fingernails.
You sometimes gain a little power by taking damage.
When seriously injured, your blood forms thick armour. (AC +9)
Spells you cast may paralyse adjacent enemies.


Message History

You hit the orc warrior but do no damage.
Your punch misses the orc warrior.
The orc warrior is lightly wounded.
The orc warrior hits you with a +0 trident.
Your orc zombie hits the orc warrior but does no damage.
The orc warrior closely misses you.
You closely miss the orc warrior.
The orc warrior is lightly wounded.
Your orc zombie hits the orc warrior but does no damage.
The orc warrior misses you.
You puncture the orc warrior!
The orc warrior is moderately wounded.
The orc warrior hits you but does no damage.
Your orc zombie barely misses the orc warrior.
You hit the orc warrior.
You punch the orc warrior, but do no damage.
The orc warrior is heavily wounded.
The orc warrior hits you but does no damage.
Your orc zombie hits the orc warrior.
The orc warrior hits your orc zombie with a +0 trident!
Your orc zombie is destroyed!
The orc warrior shouts!
You puncture the orc warrior!
The orc warrior is almost dead.
The orc warrior misses you.
Unknown command.
You completely miss the orc warrior.
The orc warrior is almost dead.
The orc warrior hits you with a +0 trident.
You closely miss the orc warrior.
The orc warrior is almost dead.
The orc warrior hits you but does no damage.
The orc warrior hits you with a +0 trident!
* * * LOW HITPOINT WARNING * * *
Unknown command.
You closely miss the orc warrior.
The orc warrior is almost dead.
The orc warrior hits you with a +0 trident!
You die...
Your body rises from the dead as a mindless zombie.

#...#$#...#.###....##
#...$#$...#.##......#
#...$#$...#.'ZZ#..#..
#...#$#...#.#ZZ.##...
#.........#.#Z..##)..
#.....###'#..#..#..
###.###...##......#
##o#......##....##
##@.#..#.#..######
###...#...#....#
##...#.#..#.#..##
#..#...'......##
##...#.###...##
###...# ##### ##..#
####


You could see an orc warrior.

Vanquished Creatures
  Eustachio (D:4)
  A black bear (D:5)
  2 ogres
  A centaur (D:4)
  A scorpion (D:3)
  A water moccasin skeleton (D:4)
  5 wights (D:6)
  A bullfrog zombie (D:6)
  A hound (D:5)
  A centaur skeleton (D:6)
  4 orc priests
  4 iguanas
  3 orc wizards
  A hound skeleton (D:5)
  A howler monkey skeleton (D:5)
  8 adders
  A shadow imp (D:6)
  An adder skeleton (D:4)
  4 dart slugs
  9 orcs
  4 bats
  6 endoplasms
  5 giant cockroaches
  11 goblins
  6 hobgoblins
  2 quokkas (D:3)
  A ball python (D:4)
  2 frilled lizards (D:2)
  7 kobolds
  2 rats
97 creatures vanquished.

Vanquished Creatures (collateral kills)
  Prince Ribbit (D:5)
  A bullfrog zombie (D:5)
  A hound (D:5)
  An orc priest (D:6)
  An orc wizard (D:6)
  An adder (D:5)
  An orc (D:5)
  A ball python (D:4)
8 creatures vanquished.

Vanquished Creatures (others)
  4 adder zombies (D:5)
  2 iguana zombies
  A spectral shadow imp (D:6)
  5 orc zombies
12 creatures vanquished.

Grand Total: 117 creatures vanquished

Notes
Turn   | Place    | Note
-------+----------+-------------------------------------------
     0 | D:1      | Shayle the Demonspawn Warper began the quest for the Orb.
     0 | D:1      | Reached XP level 1. HP: 16/16 MP: 3/3
   484 | D:1      | Found a faded altar of an unknown god.
   663 | D:1      | Reached skill level 2 in Unarmed Combat
   789 | D:1      | Gained mutation: You have sharp fingernails. [demonic
                  | ancestry]
   789 | D:1      | Reached XP level 2. HP: 17/22 MP: 5/5
  1574 | D:2      | Gained mutation: When seriously injured, your blood forms
                  | armour. (AC +9) [demonic ancestry]
  1574 | D:2      | Reached XP level 3. HP: 26/27 MP: 6/6
  1962 | D:3      | Reached skill level 3 in Unarmed Combat
  2608 | D:4      | Noticed an ogre
  2619 | D:4      | Noticed a centaur
  3086 | D:4      | Found a sacrificial altar of Ru.
  3324 | D:4      | Found an ornate altar of the Wu Jian Council.
  3353 | D:4      | Gained mutation: Spells you cast may paralyse adjacent
                  | enemies. [demonic ancestry]
  3353 | D:4      | Reached XP level 4. HP: 12/33 MP: 7/7
  3487 | D:4      | Found a runed translucent gate.
  3487 | D:4      | Noticed Shayle's ghost (amateur DjWr)
  3497 | D:4      | Identified the +6 hunting sling "Rumilunt" {flame, rPois
                  | SInv}
  3499 | D:4      | Found a runed translucent gate.
  3500 | D:4      | Found a runed translucent gate.
  3514 | D:4      | Noticed Eustachio
  3525 | D:4      | Killed a centaur
  3526 | D:4      | Reached skill level 4 in Unarmed Combat
  3526 | D:4      | Gained mutation: You have very sharp fingernails. [demonic
                  | ancestry]
  3526 | D:4      | Reached XP level 5. HP: 12/38 MP: 8/8
  3545 | D:4      | HP: 1/38 [Eustachio (4)]
  3546 | D:4      | Killed Eustachio
  3547 | D:4      | Reached skill level 5 in Unarmed Combat
  3547 | D:4      | Gained mutation: You sometimes gain a little power by
                  | taking damage. [demonic ancestry]
  3547 | D:4      | Reached XP level 6. HP: 2/44 MP: 9/9
  3744 | D:4      | Reached skill level 6 in Unarmed Combat
  3938 | D:4      | Noticed an orc warrior
  4927 | D:5      | Entered Level 5 of the Dungeon
  5308 | D:4      | Found a staircase to the Ecumenical Temple.
  5321 | Temple   | Entered the Ecumenical Temple
  5329 | Temple   | Became a worshipper of Yredelemnul the Dark
  5375 | D:4      | HP: 2/44 [ogre (21)]
  5381 | D:4      | Reached skill level 1 in Invocations
  5381 | D:4      | Gained mutation: When seriously injured, your blood forms
                  | thick armour. (AC +9) [demonic ancestry]
  5381 | D:4      | Reached XP level 7. HP: 3/50 MP: 10/10
  5462 | D:3      | Reached skill level 7 in Unarmed Combat
  6246 | D:4      | Found a sparkling altar of Nemelex Xobeh.
  6532 | D:5      | Noticed Duvessa
  6532 | D:5      | Noticed Dowan
  6857 | D:6      | Reached * piety under Yredelemnul
  7255 | D:6      | Found Haotomuske's Weapon Shop.
  7374 | D:6      | Identified the +7 trident "Beetlebane" {vorpal, rF+++ Dex-4
                  | SInv Stlth+}
  7580 | D:6      | Reached skill level 8 in Unarmed Combat
  7580 | D:6      | Reached XP level 8. HP: 42/56 MP: 11/11
  8149 | D:5      | Noticed Prince Ribbit
  8165 | D:5      | Killed Prince Ribbit
  8166 | D:5      | Reached skill level 5 in Invocations
  8324 | D:5      | Reached skill level 9 in Unarmed Combat
  8564 | D:5      | Slain by an orc warrior

Illustrated notes

Levels and vault maps discovered:
D:1:      shiori_shiawase, layout_loops_corners,
          hellmonk_ecumenical_altar_inner_sanctum, minmay_statues_item
D:2:      layout_basic, minmay_goblin_kobold_house
D:3:      layout_basic, kennysheep_orc_chapel
D:4:      layout_gridville, hangedman_ru_absence, mainiacjoe_overflow_big_doors,
          temple_fountains, biasface_ghost_orc_armoury, uniq_eustachio
D:5:      minmay_polygon_palace, layout_basic, serial_glass, glass_columns_a,
          glass_columns_b, item_on_display_a, minmay_strange_pillars,
          due_unseen_surprise, feat_on_display, kennysheep_generic_room_10,
          uniq_duvessa, uniq_prince_ribbit1
D:6:      layout_basic, serial_shops, nicolae_lakefront_shop,
          chequers_serial_rivers_room_a
Temple:   nicolae_temple_x_marks_the_god

Skill      XL: |  1  2  3  4  5  6  7  8 |
---------------+-------------------------+-----
Unarmed Combat | 2 3 4 5 6 8 9 |  9.3
Invocations    | 1 4 6 |  6.2
Fighting       | |  2.2
Throwing       | |  0.8
Armour         | |  0.8
Dodging        | |  1.7
Stealth        | |  0.9
Spellcasting   | |  2.0
Translocations | |  2.6

Action                   |  1- 3 |  4- 6 |  7- 9 || total
-------------------------+-------+-------+-------++-------
Melee: Unarmed           |   156 |   125 |    64 ||   345
       Punch             |     1 |     3 |     4 ||     8
       Trident           |       |       |    76 ||    76
Throw: Boomerang         |     1 |     3 |       ||     4
       Dart              |       |     1 |    22 ||    23
  Use: Scroll            |     3 |     3 |     4 ||    10
       Potion            |     2 |     3 |     3 ||     8
 Stab: Sleeping          |     3 |       |     3 ||     6
       Distracted        |       |       |     3 ||     3
Armor: Leather armour    |    50 |    46 |    41 ||   137
       Ring mail         |     4 |       |       ||     4
Dodge: Dodged            |    99 |   109 |   116 ||   324

Table legend: (Time is in decaauts)
 A = Elapsed time spent in this place.
 B = Non-inter-level travel time spent in this place.
 C = Inter-level travel time spent in this place.
 D = Time resting spent in this place.
 E = Time spent auto-exploring this place.
 F = Levels seen in this place.
 G = Mean time per level.
                   A        B        C        D        E       F      G
               +--------+--------+--------+--------+--------+-----+--------+
         Total |   8567 |   8472 |     95 |   3214 |   3212 |   7 | 1223.9 |
       Dungeon |   8550 |   8455 |     95 |   3214 |   3212 |   6 | 1425.0 |
        Temple |     16 |     16 |      0 |      0 |      0 |   1 |   16.0 |
               +--------+--------+--------+--------+--------+-----+--------+

Top non-repeatable levels by time:
     D:4: 2121 daAuts
     D:3: 2087 daAuts
     D:6: 1448 daAuts
     D:1: 1143 daAuts
     D:5: 956 daAuts
     D:2: 794 daAuts
  Temple: 16 daAuts
